 Dungeon Crawl Stone Soup version 0.31-a0-128-g25add195a6 (webtiles) character file.

Game seed: 13549398227337934680

302349 PostNTower the Worldbinder (level 21, -14/131 HPs)
             Began as a Tengu Summoner on May 31, 2023.
             Was an Initiate of Gozag.
             Killed from afar by an ancient lich (107 damage)
             ... with a crystal spear
             ... on level 2 of the Abyss on June 1, 2023.
             The game lasted 01:37:43 (43359 turns).

PostNTower the Worldbinder (Tengu Summoner)        Turns: 43359, Time: 01:37:43

Health: -14/131    AC: 31    Str: 19    XL:     21   Next: 6%
Magic:  3/42       EV: 36    Int: 18    God:    Gozag
Gold:   1293       SH:  0    Dex: 29    Spells: 11/53 levels left

rFire   + + .        K - +7 bardiche (protect)
rCold   . . .        (shield currently unavailable)
rNeg    + + +        l - +5 ring mail "Qeik" {*Corrode Will- Str+8 Slay+5}
rPois   +            A - +2 hat {Stlth+}
rElec   +            L - +2 cloak {rPois}
rCorr   .            k - +2 pair of gloves {Dex+3}
SInv    .            (boots unavailable)
Will    +....        y - amulet of Nygaiquw {Acrobat rN+++ Regen+ Str+3 Int-5}
Stlth   ++++++       e - ring of Xiycsa {rElec rF++ Will+}
HPRegen 0.00/turn    d - ring "Devasm" {EV+5 Dex+7}
MPRegen 0.28/turn

%: corrode self (3%), acrobat
@: gold aura, under a protective aura, sick, flying quickly and evasively,
studying 2 skills, quick
A: beak, talons 3, nimble flight, iridescent scales 1, sturdy frame 1
}: 2/15 runes: decaying, serpentine
a: Renounce Religion, Potion Petition, Call Merchant, Bribe Branch


You were on level 2 of the Abyss.
You worshipped Gozag.
Gozag was most pleased with you.
You visited 7 branches of the dungeon, and saw 34 of its levels.
You visited the Abyss 1 time.
You also visited: Ice Cave and Volcano.

You collected 19078 gold pieces.
You spent 7968 gold pieces at shops.
You paid 9817 gold pieces to Gozag.

Inventory:

Hand Weapons
 K - a +7 bardiche of protection (weapon)
Missiles
 s - a throwing net
Armour
 j - a +1 robe of resistance
 k - a +2 pair of gloves of dexterity (worn)
 l - the +5 ring mail "Qeik" (worn) {*Corrode Will- Str+8 Slay+5}
   (You acquired it on level 9 of the Dungeon)

   Str:       It affects your strength (+8).
   Slay:      It affects your accuracy & damage with ranged weapons and melee
   (+5).
   *Corrode:  It may corrode you when you take damage.
   Will:      It decreases your willpower.
 u - the +2 pair of gloves of Xuuteidgh {rElec rF- Regen+ SInv}
   (You found it on level 2 of the Snake Pit)

   rF:        It makes you vulnerable to fire.
   rElec:     It insulates you from electricity.
   SInv:      It lets you see invisible.
   Regen:     It increases your rate of health regeneration.
 A - a +2 hat of stealth (worn)
 I - the +5 ring mail of Ampueti {Contam rPois Will++ rCorr}
   (You found it on level 2 of the Swamp)

   rPois:     It protects you from poison.
   Contam:    It causes magical contamination when unequipped.
   rCorr:     It protects you from acid and corrosion.
   Will:      It greatly increases your willpower.
 L - a +2 cloak of poison resistance (worn)
Jewellery
 d - the ring "Devasm" (right hand) {EV+5 Dex+7}
   (You bought it in a shop on level 2 of the Snake Pit)

   [ring of evasion]

   EV:        It affects your evasion (+5).
   Dex:       It affects your dexterity (+7).
 e - the ring of Xiycsa (left hand) {rElec rF++ Will+}
   (You bought it in a shop on level 2 of the Snake Pit)

   [ring of willpower]

   rF:        It greatly protects you from fire.
   rElec:     It insulates you from electricity.
   Will:      It increases your willpower.
 i - a +6 ring of strength
 q - the ring "Honiaf" {rN+ Slay+4}
   (You bought it in a shop on level 1 of the Lair of Beasts)

   [ring of slaying]

   Slay:      It affects your accuracy & damage with ranged weapons and melee
   (+4).
   rN:        It protects you from negative energy.
 t - a ring of willpower
 x - an amulet of guardian spirit
 y - the amulet of Nygaiquw (around neck) {Acrobat rN+++ Regen+ Str+3 Int-5}
   (You bought it in a shop on level 12 of the Dungeon)

   [amulet of the acrobat]

   It increases your evasion while moving and waiting.
   Str:       It affects your strength (+3).
   Int:       It affects your intelligence (-5).
   rN:        It renders you almost immune to negative energy.
   Regen:     It increases your rate of health regeneration.
 C - a ring of protection from fire
 E - a +4 ring of protection
 G - a +5 ring of evasion
 J - a ring of see invisible
 M - a ring of protection from fire
 N - a ring of willpower
 T - a +4 ring of slaying
 Z - a ring of positive energy
Wands
 w - a wand of digging (11)
 F - a wand of mindburst (6)
Scrolls
 a - 2 scrolls of amnesia
 h - 8 scrolls of fog
 n - 5 scrolls of brand weapon
 o - 5 scrolls of fear
 p - 5 scrolls of blinking
 r - 2 scrolls of teleportation
 v - 3 scrolls of magic mapping
 W - 4 scrolls of butterflies
 X - a scroll of enchant armour
 Y - 14 scrolls of identify
Potions
 b - a potion of magic
 c - 6 potions of mutation
 f - 13 potions of curing
 g - 6 potions of might
 m - 5 potions of haste
 z - 5 potions of enlightenment
 B - 5 potions of ambrosia
 D - a potion of cancellation
 H - 3 potions of resistance
 Q - 2 potions of berserk rage
 R - 5 potions of attraction
 U - a potion of heal wounds


   Skills:
 * Level 13.9 Fighting
 + Level 15.6 Polearms
 * Level 14.0 Armour
 * Level 14.2 Dodging
 + Level 8.8 Stealth
 * Level 16.7 Spellcasting
 * Level 21.7 Summonings
 - Level 3.0 Translocations
 - Level 6.0 Air Magic


You had 11 spell levels left.
You knew the following spells:

 Your Spells              Type           Power      Damage    Failure   Level
a - Monstrous Menagerie   Summ           37%        N/A       1%          7
b - Summon Hydra          Summ           37%        N/A       1%          7
c - Call Canine Familiar  Summ           75%        N/A       0%          3
d - Summon Guardian Gole  Hex/Summ       52%        N/A       1%          3
e - Summon Lightning Spi  Summ/Air       60%        N/A       1%          4
f - Animate Armour        Summ/Erth      100%       N/A       1%          4
g - Summon Forest         Summ/Tloc      28%        N/A       1%          5
h - Summon Mana Viper     Hex/Summ       52%        N/A       1%          5
i - Summon Ice Beast      Ice/Summ       52%        N/A       1%          4

Your spell library contained the following spells:

 Spells                   Type           Power      Damage    Failure   Level
 Summon Small Mammal      Summ           100%       N/A       0%          1
 Call Imp                 Summ           100%       N/A       0%          2
 Apportation              Tloc           50%        N/A       1%          1
 Static Discharge         Conj/Air       50%        2-5/arc   1%          2
 Foxfire                  Conj/Fire      60%        2x1d7     4%          1
 Freeze                   Ice            60%        1d7       4%          1
 Magic Dart               Conj           60%        1d6       4%          1
 Necrotise                Necr           60%        1d7       4%          1
 Sandblast                Erth           30%        2d9       4%          1
 Summon Horrible Things   Summ           37%        N/A       4%          8
 Ensorcelled Hibernation  Hex/Ice        30%        N/A       7%          2
 Passwall                 Tmut/Erth      12%        N/A       7%          2
 Searing Ray              Conj           30%        2d5       7%          2
 Portal Projectile        Hex/Tloc       40%        N/A       8%          3
 Frozen Ramparts          Ice            30%        1d5       14%         3
 Hailstorm                Conj/Ice       15%        3d5       14%         3
 Ignite Poison            Fire/Tmut/Pois 15%        N/A       14%         3
 Spider Form              Tmut/Pois      15%        N/A       14%         3
 Stone Arrow              Conj/Erth      30%        3d8       14%         3
 Vampiric Draining        Necr           15%        2d7       14%         3
 Anguish                  Hex/Necr       7%         N/A       43%         4
 Flame Wave               Conj/Fire      15%        2d7       43%         4
 Fulminant Prism          Conj/Hex       7%         3d7       43%         4
 Ice Form                 Ice/Tmut       15%        N/A       43%         4
 Leda's Liquefaction      Hex/Erth       7%         N/A       43%         4
 Sticky Flame             Conj/Fire      15%        2d4       43%         4
 Agony                    Necr           15%        N/A       78%         5
 Alistair's Intoxication  Tmut/Pois      10%        N/A       78%         5
 Borgnjor's Vile Clutch   Necr/Erth      7%         N/A       78%         5
 Fireball                 Conj/Fire      7%         3d5       78%         5
 Iskenderun's Battlesphe  Conj           15%        2d7       78%         5
 Conjure Ball Lightning   Conj/Air       12%        3x3d6     91%         6
 Plasma Beam              Fire/Air       12%        2x1d23    91%         6
 Eringya's Noxious Bog    Tmut/Pois      7%         N/A       100%        6
 Leda's Unmaking          Conj/Erth      7%         9d2       100%        6
 Starburst                Conj/Fire      7%         6d4       100%        6
 Orb of Destruction       Conj           7%         9d6       100%        7
 Discord                  Hex            7%         N/A       100%        8
 Disjunction              Tloc           12%        N/A       100%        8
 Ignition                 Fire           7%         3d5       100%        8
 Lehudib's Crystal Spear  Conj/Erth      7%         10d3      100%        8
 Chain Lightning          Conj/Air       12%        3d16      100%        9
 Fire Storm               Conj/Fire      7%         8d2       100%        9
 Shatter                  Erth           7%         3d10*     100%        9
 Simulacrum               Ice/Necr       Unusable   N/A       N/A         6

Dungeon Overview and Level Annotations

Branches:
Dungeon (15/15)            Temple (1/1) D:7            Lair (5/5) D:9
  Swamp (4/4) Lair:3        Snake (4/4) Lair:3        Slime (0/5) Lair:5
    Orc (2/2) D:11            Elf (3/3) Orc:2        Vaults (0/5) D:14
 Depths (0/4) D:15          IceCv (visited)         Volcano (visited)

Altars:
Ashenzari
Cheibriados
Dithmenos
Elyvilon
Fedhas
Gozag
Hepliaklqana
Kikubaaqudgha
Makhleb
Nemelex Xobeh
Okawaru
Qazlal
Ru
Sif Muna
Trog
Uskayaw
Vehumet
Wu Jian
Xom
Yredelemnul
Zin
The Shining One
Jiyva

Shops:
D:1 *   D:9 :   D:12 [[*[((=   Orc:1 ?   Orc:2 *[[*   Elf:1 (   Lair:1 =*
Snake:2 (=

Annotations:
D:6 2 transporters


Innate Abilities, Weirdness & Mutations

You have a beak for a mouth.
You have claws for feet.
Your magical nature lets you fly swiftly and evasively.
You are partially covered in iridescent scales. (AC +2)
Your movements are slightly less encumbered by armour. (ER -2)


Message History

The bone dragon tramples you!
You hold your ground!
The tentacled starspawn is distracted by your dazzling golden aura.
Your warg bites the bone dragon but does no damage.
The starspawn tentacle completely misses you.
You slash the bone dragon!
You destroy the bone dragon!
The tentacled starspawn is no longer distracted by gold.
The sixfirhy is distracted by your dazzling golden aura.
Something touches you but does no damage.
The rakshasa blinks!
Something completely misses you.
The starspawn tentacle completely misses your warg.
You hit the ancient zyme. You claw the ancient zyme. You peck the ancient zyme.
The ancient zyme is almost destroyed.
Something touches you but does no damage.
Your warg barely misses the starspawn tentacle.
The ancient zyme completely misses you. x2
The thrashing horror is distracted by your dazzling golden aura.
Your manticore bites the ancient zyme!!
The ancient zyme is destroyed!
The ancient zyme shimmers and vanishes!
Something touches you but does no damage.
The glowing orange brain pulsates.
Send 'em back where they came from!
Your manticore shudders.
The thrashing horror is distracted by your dazzling golden aura.
The thrashing horror roars!
You reach to attack!
The thrashing horror roars!
You slice the thrashing horror!!
The thrashing horror is no longer distracted by gold.
The thrashing horror is severely damaged.
The ancient zyme is no longer distracted by gold.
The thrashing horror churns violently!
The thrashing horror seems to grow stronger.
You hear some strange, mumbled words.
A crystal spear appears from out of thin air!
The crystal spear hits you!!!!
Ouch! That really hurt!
You die...
Your body crumbles into a pile of gold.

. ## # # ... . #
.# #. #... v # #.#
##.. #h8 # # .#
....# '. + # . .
.#### #..# '# ..
## ...# ##.
\#...[.. #..#
.#.#..###│.....:v
# .#.
.##h{Xh>R..... #
## . #.@## $. '...
#
#......H$Xx#..#...
#.####..###3G.#.#
# # ### ...... # #
#### #. .# . ##.
##. . . .


You could see a rakshasa, a glowing orange brain, an ancient zyme, 2 thrashing
horrors, a sixfirhy (summoned), a raiju, a friendly manticore (summoned, sick)
and a friendly warg (summoned, sick).

Vanquished Creatures
  A bone dragon (Abyss:2)
  A tentacled monstrosity (Swamp:2)
  A deep elf blademaster (Elf:3)
  A tentacled starspawn (Abyss:2)
  5 nagarajas
  A frost giant (IceCv)
  A deep elf elementalist (Elf:3)
  3 ghouls
  Nessos (D:15)
  6 eleionomae
  2 deep elf demonologists (Elf:3)
  Azrael (D:15)
  7 bunyips
  2 deep elf annihilators
  2 fire dragons
  2 shambling mangroves
  Josephine (Swamp:1)
  A fire dragon (shapeshifter) (D:15)
  An eidolon (Abyss:2)
  A spriggan air mage (Swamp:2)
  2 catoblepae
  3 vault guards (D:14)
  5 centaur warriors
  2 salamander tyrants (Snake:4)
  18 hydras
  3 ogre magi
  7 anacondas
  12 dancing weapons
  4 boulder beetles
  14 naga warriors
  3 tengu warriors
  16 alligators
  8 death yaks
  9 two-headed ogres
  A spriggan berserker (Swamp:4)
  6 orc high priests
  2 thrashing horrors (Abyss:2)
  6 deep elf knights
  6 naga sharpshooters
  4 shock serpents
  4 salamander mystics
  2 goliath frogs
  2 skeletal warriors (D:14)
  A spatial maelstrom (Abyss:2)
  A skyshark (Lair:2)
  9 bog bodies
  A wizard (D:14)
  8 spriggan druids
  10 swamp dragons
  6 naga ritualists
  4 deep elf archers (Elf:1)
  18 deep elf pyromancers
  8 mana vipers
  4 orc knights
  15 deep elf zephyrmancers
  7 manticores
  A will-o-the-wisp (Swamp:2)
  14 ugly things
  5 cyclopes
  31 black mambas
  15 elephants
  15 salamanders
  20 naga magi
  An ice statue (IceCv)
  Joseph (Lair:1)
  A torpor snail (Lair:2)
  2 smoke demons (Abyss:2)
  6 guardian serpents
  3 gargoyles
  9 cane toads
  7 rime drakes
  An unseen horror (D:11)
  2 freezing wraiths
  A kobold demonologist (D:10)
  5 efreet
  7 komodo dragons
  6 polar bears
  6 tyrant leeches
  A tarantella (shapeshifter) (D:13)
  9 trolls
  6 hornets
  A raiju (Abyss:2)
  A blink frog (Lair:4)
  A nameless horror (Lair:5)
  A dream sheep (Lair:5)
  5 slime creatures
  A centaur simulacrum (D:14)
  A water elemental (D:13)
  A yak (shapeshifter) (Elf:3)
  10 spriggans
  2 air elementals (Elf:1)
  45 yaks
  A wyvern (Lair:2)
  A hog (shapeshifter) (D:14)
  8 wraiths
  3 basilisks
  A chaos spawn (Abyss:2)
  2 fire elementals (D:15)
  2 neqoxecs (Abyss:2)
  7 humans (D:14)
  7 vampire mosquitoes
  9 swamp worms
  3 wargs (Orc:2)
  32 nagas
  9 water moccasins
  2 acid dragons
  7 hell hounds
  6 swamp drakes
  14 orc warriors
  3 black bears
  A sky beast (D:7)
  4 boggarts (Lair:3)
  11 wolves
  4 ogres
  3 centaurs
  A phantom (D:6)
  A kobold brigand (D:11)
  13 bullfrogs
  An earth elemental (Elf:1)
  A scorpion (D:4)
  3 wights
  2 killer bees
  2 electric eels (D:13)
  4 howler monkeys
  A lava snake (D:11)
  3 jellies (Lair:5)
  A hound (D:4)
  18 orc priests
  An iron imp (Abyss:2)
  Jessica (D:2)
  An iguana (D:7)
  11 orc wizards
  A gnoll (D:8)
  2 adders (D:3)
  A white imp (D:7)
  25 orcs
  2 giant cockroaches (D:1)
  5 goblins
  2 hobgoblins
  2 jackals (D:1)
  3 ball pythons (D:1)
  2 bats
  A frilled lizard (D:1)
  3 kobolds
  2 rats
772 creatures vanquished.

Vanquished Creatures (collateral kills)
  A bone dragon (Abyss:2)
  A tentacled monstrosity (Swamp:2)
  Jorgrun (D:13)
  Gastronok (Lair:2)
  3 nagarajas (Snake:4)
  A balrug (Abyss:2)
  A deep elf sorcerer (Elf:1)
  A deep elf elementalist (Elf:3)
  A red draconian (Volcano)
  An eleionoma (Swamp:3)
  2 shambling mangroves (Swamp:4)
  4 salamander tyrants
  7 hydras
  A ghost crab (Swamp:2)
  3 anacondas (Snake:4)
  3 catoblepae
  6 two-headed ogres
  2 tengu warriors (D:15)
  9 dancing weapons
  3 centaur warriors
  7 death yaks
  2 naga warriors
  5 naga sharpshooters
  4 deep elf knights (Elf:2)
  Nergalle (D:12)
  3 skeletal warriors
  A goliath frog (Swamp:2)
  A bog body (Swamp:2)
  A glowing orange brain (D:15)
  A spriggan druid (Swamp:4)
  2 salamander mystics (Snake:2)
  3 swamp dragons (Swamp:4)
  3 deep elf archers
  6 naga ritualists
  4 orc knights (Orc:2)
  11 deep elf pyromancers
  2 mana vipers
  A shining eye (Abyss:2)
  3 deep elf zephyrmancers
  3 cyclopes
  An ugly thing (D:15)
  4 manticores
  5 salamanders
  10 elephants
  A will-o-the-wisp (Swamp:2)
  3 black mambas
  10 naga magi
  5 guardian serpents
  2 rime drakes
  A smoke demon (Abyss:2)
  2 cane toads (Lair:4)
  An unseen horror (D:12)
  3 komodo dragons
  Psyche (D:9)
  A kobold demonologist (D:11)
  An efreet (D:11)
  A freezing wraith (D:11)
  4 trolls
  3 polar bears
  2 tyrant leeches
  8 dream sheep
  2 nameless horrors
  2 blink frogs (Lair:4)
  3 raiju (Abyss:2)
  6 hornets
  A slime creature (D:12)
  Sigmund (D:5)
  A shadow (D:11)
  11 spriggans
  2 wyverns (D:7)
  3 basilisks
  A small abomination (Abyss:2)
  3 wraiths
  2 humans (D:14)
  36 yaks
  A fire elemental (D:15)
  5 vampire mosquitoes
  A chaos spawn (Abyss:2)
  A warg (Orc:2)
  3 swamp worms
  15 nagas
  A hell hound (Abyss:2)
  2 acid dragons
  7 water moccasins
  Duvessa (D:6)
  17 orc warriors
  A black bear (Lair:2)
  A swamp drake (Swamp:4)
  An ice beast (D:5)
  2 sky beasts (D:6)
  4 ogres
  5 wolves
  5 centaurs
  2 kobold brigands (D:9)
  2 necrophages (Swamp:3)
  4 bullfrogs
  A scorpion (D:5)
  5 wights
  Dowan (D:6)
  3 killer bees (D:7)
  A howler monkey (D:9)
  A gnoll bouda (D:5)
  6 jellies
  15 orc priests
  6 hounds
  A sleepcap (D:8)
  5 hell rats (Lair:5)
  An iguana (D:5)
  18 orc wizards
  Ijyb (D:4)
  4 adders
  9 gnolls
  A shadow imp (D:7)
  A white imp (D:7)
  3 dart slugs
  2 worms (D:2)
  47 orcs
  3 ball pythons
  An endoplasm (D:1)
  2 giant cockroaches
  10 goblins
  2 hobgoblins
  2 jackals (D:1)
  13 kobolds
  4 quokkas
  3 frilled lizards
  A rat (D:1)
513 creatures vanquished.

Vanquished Creatures (others)
  An ettin (D:11)
  An ogre mage (D:11)
  A centaur warrior (D:11)
  A boulder beetle (D:11)
  A two-headed ogre (D:11)
  A dancing weapon (Elf:2)
  2 deep elf knights
  A deep elf zephyrmancer (Elf:1)
  2 ugly things (D:11)
  2 cyclopes (D:11)
  A manticore (D:11)
  A gargoyle (D:11)
  A black mamba (Snake:4)
  A komodo dragon (Lair:5)
  A wraith (D:11)
  A wyvern (Lair:5)
  A slime creature (D:11)
  3 yaks
  A basilisk (D:11)
  A steam dragon (D:7)
  A wolf (Lair:5)
  A gnoll sergeant (D:11)
  An orc wizard (Orc:1)
  2 orcs (D:11)
  6 foxfires (Swamp:2)
  4 snaplasher vines
  3 starspawn tentacles (Abyss:2)
43 creatures vanquished.

Grand Total: 1328 creatures vanquished

Notes
Turn   | Place    | Note
-------+----------+-------------------------------------------
     0 | D:1      | PostNTower the Tengu Summoner began the quest for the Orb.
     0 | D:1      | Reached XP level 1. HP: 10/10 MP: 4/4
   154 | D:1      | Found Meded's Assorted Antiques.
   256 | D:1      | Reached XP level 2. HP: 16/16 MP: 6/6
   340 | D:1      | Reached skill level 5 in Summonings
   393 | D:1      | Learned a level 2 spell: Call Imp
   727 | D:1      | Reached XP level 3. HP: 16/20 MP: 3/7
   728 | D:1      | Reached skill level 1 in Fighting
   733 | D:1      | Learned a level 3 spell: Call Canine Familiar
   831 | D:1      | Found a faded altar of an unknown god.
  1179 | D:2      | Noticed Jessica
  1211 | D:2      | Killed Jessica
  1212 | D:2      | Reached XP level 4. HP: 20/25 MP: 3/8
  2144 | D:3      | Reached skill level 6 in Summonings
  2341 | D:3      | Gained mutation: Your magical nature lets you fly swiftly
                  | and evasively. [Tengu growth]
  2341 | D:3      | Reached XP level 5. HP: 26/30 MP: 2/10
  3026 | D:4      | Reached XP level 6. HP: 28/35 MP: 4/11
  3254 | D:4      | Reached skill level 7 in Summonings
  3422 | D:4      | Noticed Ijyb
  3442 | D:4      | Killed Ijyb
  3443 | D:4      | Reached XP level 7. HP: 15/40 MP: 3/13
  3451 | D:4      | Learned a level 3 spell: Summon Guardian Golem
  3456 | D:4      | Learned a level 4 spell: Summon Lightning Spire
  3835 | D:1      | Bought a square ruby amulet for 115 gold pieces
  3841 | D:1      | Bought a scroll labelled TAWOAH TOTEI for 23 gold pieces
  3841 | D:1      | Bought a scroll labelled ESIYMI XIPPYIR for 23 gold pieces
  3844 | D:1      | Gained mutation: Your spells are a little harder to cast,
                  | but a little more powerful. [potion of mutation]
  3844 | D:1      | Gained mutation: You passively map a small area around you.
                  | [potion of mutation]
  3845 | D:1      | Bought a fizzy ruby potion for 20 gold pieces
  3845 | D:1      | Bought a lumpy golden potion for 20 gold pieces
  3910 | D:5      | Entered Level 5 of the Dungeon
  3953 | D:5      | Noticed Sigmund
  3964 | D:5      | Killed Sigmund
  3965 | D:5      | Reached skill level 1 in Polearms
  4055 | D:5      | Reached skill level 8 in Summonings
  4417 | D:5      | Reached XP level 8. HP: 38/46 MP: 8/15
  5138 | D:6      | Identified the +2 rapier of Patterns {holy, Dex+3 SInv}
  5238 | D:6      | Reached skill level 9 in Summonings
  5385 | D:6      | Found a transporter.
  5399 | D:6      | Found a transporter.
  5570 | D:6      | Noticed Duvessa
  5571 | D:6      | Noticed Dowan
  5595 | D:6      | Killed Duvessa
  5596 | D:6      | Reached skill level 1 in Air Magic
  5615 | D:6      | Killed Dowan
  5743 | D:6      | Reached skill level 5 in Spellcasting
  6078 | D:7      | Found a staircase to the Ecumenical Temple.
  6089 | Temple   | Entered the Ecumenical Temple
  6538 | Temple   | Became a worshipper of Gozag Ym Sagoz the Greedy
  6569 | D:7      | Reached XP level 9. HP: 52/52 MP: 17/17
  6570 | D:7      | Got the Compendium of Silt
  6576 | D:7      | Learned a level 4 spell: Animate Armour
  6652 | D:7      | Reached skill level 10 in Summonings
  6995 | D:7      | Lost mutation: Your spells are a little harder to cast, but
                  | a little more powerful. [potion of mutation]
  6995 | D:7      | Lost mutation: You passively map a small area around you.
                  | [potion of mutation]
  6995 | D:7      | Gained mutation: You are agile. (Dex +4, Str/Int -1)
                  | [potion of mutation]
  6995 | D:7      | Gained mutation: You are partially covered in iridescent
                  | scales. (AC +2) [potion of mutation]
  6995 | D:7      | Gained mutation: Your movements are slightly less
                  | encumbered by armour. (ER -2) [potion of mutation]
  7107 | D:7      | Reached skill level 1 in Armour
  7613 | D:7      | Reached skill level 5 in Dodging
  8081 | D:8      | Noticed a two-headed ogre
  8095 | D:8      | Killed a two-headed ogre
  8096 | D:8      | Reached skill level 5 in Fighting
  8096 | D:8      | Reached skill level 11 in Summonings
  8096 | D:8      | Reached XP level 10. HP: 59/59 MP: 6/19
  8557 | D:8      | Found a sparkling altar of Nemelex Xobeh.
  8860 | D:9      | Found Gehelun's Book Shop.
  8936 | D:9      | Reached skill level 5 in Air Magic
  9118 | D:9      | Found a staircase to the Lair.
  9285 | D:9      | Noticed Psyche
  9293 | D:9      | Killed Psyche
  9759 | D:9      | Identified 2 scrolls of acquirement
  9760 | D:9      | Acquired 794 gold pieces
  9761 | D:9      | Acquired the +5 ring mail "Qeik" {*Corrode Will- Str+8
                  | Slay+5}
  9799 | D:9      | Bought a book of Beasts for 646 gold pieces
  9805 | D:9      | Learned a level 5 spell: Summon Forest
  9869 | D:10     | Entered Level 10 of the Dungeon
  9883 | D:10     | Reached skill level 12 in Summonings
  9956 | D:10     | Reached XP level 11. HP: 64/64 MP: 22/22
  9989 | D:10     | Found a white marble altar of Elyvilon.
  9999 | D:10     | Reached skill level 5 in Polearms
 10475 | D:11     | Noticed a manticore
 10478 | D:11     | Noticed a white ugly thing
 10482 | D:11     | Killed a manticore
 10483 | D:11     | Reached skill level 1 in Translocations
 10484 | D:11     | Killed a white ugly thing
 10741 | D:11     | Noticed a manticore
 10772 | D:11     | Killed a manticore
 10791 | D:11     | Noticed a two-headed ogre
 10804 | D:11     | Noticed a cyclops
 10808 | D:11     | Noticed a cyclops
 10824 | D:11     | Noticed an eight-headed hydra
 10824 | D:11     | Found the +6 shillelagh "Devastator" {shatter}
 10826 | D:11     | Noticed an orc knight
 10836 | D:11     | Noticed a manticore
 11165 | D:11     | Noticed a skeletal warrior
 11191 | D:11     | Killed a two-headed ogre
 11236 | D:11     | Killed a skeletal warrior
 11441 | D:11     | Noticed a two-headed ogre
 11448 | D:11     | Killed a two-headed ogre
 11449 | D:11     | Reached skill level 5 in Armour
 11502 | D:11     | Noticed an ettin
 11523 | D:11     | Killed an ettin
 11524 | D:11     | Reached skill level 13 in Summonings
 11524 | D:11     | Reached XP level 12. HP: 22/71 MP: 1/25
 11524 | D:11     | Noticed a catoblepas
 11546 | D:11     | Found a glowing silver altar of Zin.
 11554 | D:11     | HP: 3/71 [catoblepas (17)]
 11837 | D:11     | Killed a catoblepas
 11979 | D:11     | Killed a nine-headed hydra
 12159 | D:11     | Noticed a boulder beetle
 12166 | D:11     | Noticed an ogre mage
 12171 | D:11     | Noticed a centaur warrior
 12192 | D:11     | Killed a boulder beetle
 12200 | D:11     | Killed a centaur warrior
 12233 | D:11     | Killed an ogre mage
 12408 | D:11     | Noticed a centaur warrior
 12408 | D:11     | Noticed an ogre mage
 12415 | D:11     | Paralysed by an ogre mage for 5 turns
 12420 | D:11     | Killed an ogre mage
 12420 | D:11     | Killed a centaur warrior
 12421 | D:11     | Reached skill level 14 in Summonings
 12427 | D:11     | Noticed a centaur warrior
 12455 | D:11     | Killed a centaur warrior
 12645 | D:11     | Reached XP level 13. HP: 76/76 MP: 27/27
 12665 | D:11     | Identified the +1 plate armour of Hysteria {rPois rCorr}
 12702 | D:11     | Identified the +0 scale mail of Yseos {rC+}
 13004 | D:11     | Reached skill level 10 in Spellcasting
 13226 | D:11     | Found a staircase to the Orcish Mines.
 13542 | D:11     | Learned a level 5 spell: Summon Mana Viper
 13547 | D:11     | Learned a level 4 spell: Summon Ice Beast
 13548 | Orc:1    | Entered Level 1 of the Orcish Mines
 13705 | Orc:2    | Entered Level 2 of the Orcish Mines
 14189 | Orc:2    | Found a staircase to the Elven Halls.
 14809 | Orc:2    | Reached skill level 15 in Summonings
 15528 | Orc:2    | Found Cacuizyi's General Store.
 15528 | Orc:2    | Found Zyng's General Store.
 15529 | Orc:2    | Found Ofaisuedo's Antique Armour Boutique.
 15529 | Orc:2    | Found Soolufoin's Antique Armour Shop.
 15537 | Orc:2    | Bought a pair of runed gloves for 247 gold pieces
 15550 | Orc:2    | Bought a glowing cloak for 210 gold pieces
 15562 | Orc:2    | Bought a scroll of identify for 28 gold pieces
 15562 | Orc:2    | Bought a scroll of identify for 28 gold pieces
 15562 | Orc:2    | Bought a potion of curing for 42 gold pieces
 16727 | Orc:1    | Bought a scroll of identify for 28 gold pieces
 16727 | Orc:1    | Bought a scroll of identify for 28 gold pieces
 16727 | Orc:1    | Bought a scroll of identify for 28 gold pieces
 16727 | Orc:1    | Bought a scroll of identify for 28 gold pieces
 16727 | Orc:1    | Bought a scroll of identify for 28 gold pieces
 16732 | Orc:1    | Bought a scroll of magic mapping for 105 gold pieces
 16732 | Orc:1    | Bought a scroll of teleportation for 42 gold pieces
 16732 | Orc:1    | Bought a scroll of enchant armour for 105 gold pieces
 16847 | Lair:1   | Entered Level 1 of the Lair of Beasts
 16856 | Lair:1   | Bought the ring "Honiaf" {rN+ Slay+4} for 1338 gold pieces
 16861 | Lair:1   | Bought a scroll of blinking for 157 gold pieces
 16861 | Lair:1   | Bought a scroll of enchant weapon for 157 gold pieces
 16861 | Lair:1   | Bought a scroll of enchant weapon for 157 gold pieces
 16893 | Lair:1   | Reached XP level 14. HP: 81/84 MP: 27/29
 16916 | Lair:1   | Noticed Joseph
 16925 | Lair:1   | Killed Joseph
 18119 | Lair:2   | Noticed Gastronok
 18138 | Lair:2   | Killed Gastronok
 18281 | Lair:2   | Reached skill level 5 in Stealth
 18430 | Lair:2   | Found a dark tunnel.
 18437 | Volcano  | Entered a volcano
 18484 | Volcano  | Noticed a red draconian
 18485 | Volcano  | Found a burning altar of Makhleb.
 18613 | Volcano  | Reached skill level 10 in Polearms
 18613 | Volcano  | Reached skill level 16 in Summonings
 18620 | Volcano  | Killed a red draconian
 19585 | Lair:3   | Learned a level 7 spell: Monstrous Menagerie
 19605 | Lair:3   | Found a staircase to the Snake Pit.
 19617 | Lair:3   | Reached XP level 15. HP: 86/90 MP: 29/31
 20129 | Lair:3   | Found a staircase to the Swamp.
 21028 | Lair:4   | Reached skill level 10 in Dodging
 21057 | Lair:4   | Found a frozen archway.
 21070 | IceCv    | Entered an ice cave
 21411 | IceCv    | Noticed a frost giant
 21426 | IceCv    | Killed a frost giant
 21554 | IceCv    | Reached skill level 10 in Fighting
 22522 | Lair:5   | Entered Level 5 of the Lair of Beasts
 22627 | Lair:5   | Reached XP level 16. HP: 60/98 MP: 2/33
 22630 | Lair:5   | Reached skill level 17 in Summonings
 23021 | Lair:5   | Found a broken altar of Ashenzari.
 23036 | Lair:5   | Found a staircase to the Slime Pits.
 23044 | Lair:5   | Found a viscous altar of Jiyva.
 23230 | Lair:5   | Reached skill level 10 in Armour
 24519 | D:12     | Found Zin's Purification Station.
 24519 | D:12     | Found a glowing silver altar of Zin.
 24652 | D:12     | Found Muporyhu's Antique Armour Shoppe.
 24764 | D:12     | Noticed Nergalle
 24773 | D:12     | Killed Nergalle
 25228 | D:12     | Found Ciazuuno's Jewellery Shoppe.
 25240 | D:12     | Bought a fine glaive for 425 gold pieces
 25240 | D:12     | Identified the +1 glaive of Zedeur {freeze, Will+ MP-9
                  | Dex+3} (You bought it in a shop on level 12 of the Dungeon)
 25370 | D:12     | Found Guular's Antique Armour Shoppe.
 25999 | D:13     | Identified the +1 quarterstaff "Beluefocu" {venom, rPois
                  | rF+ Int+2 Stlth-}
 26174 | D:13     | Noticed Jorgrun
 26184 | D:13     | Killed Jorgrun
 27489 | D:14     | Found a gate to the Vaults.
 27638 | D:12     | Bought the amulet of Nygaiquw {Acrobat rN+++ Regen+ Str+3
                  | Int-5} for 591 gold pieces
 27713 | D:15     | Entered Level 15 of the Dungeon
 27802 | D:15     | Reached XP level 17. HP: 104/104 MP: 4/35
 27809 | D:15     | Reached skill level 18 in Summonings
 28160 | D:15     | Noticed Nessos
 28170 | D:15     | Killed Nessos
 28191 | D:15     | Noticed Azrael
 28205 | D:15     | Killed Azrael
 28832 | D:15     | Found a staircase to the Depths.
 29338 | Swamp:1  | Entered Level 1 of the Swamp
 29339 | Swamp:1  | Upgraded the game from 0.31-a0-121-g1e386dd289 to
                  | 0.31-a0-128-g25add195a6
 29702 | Swamp:1  | Noticed Josephine
 29712 | Swamp:1  | Killed Josephine
 29724 | Swamp:1  | Identified the +4 scale mail "Ufuinnimp" {rPois Dex+3}
 30487 | Swamp:2  | Noticed a tentacled monstrosity
 30512 | Swamp:2  | Killed a tentacled monstrosity
 30521 | Swamp:2  | Learned a level 7 spell: Summon Hydra
 30539 | Swamp:2  | Noticed a tentacled monstrosity
 30553 | Swamp:2  | Killed a tentacled monstrosity
 30899 | Swamp:2  | Identified the +5 ring mail of Ampueti {Contam rPois Will++
                  | rCorr}
 31733 | Swamp:3  | Reached XP level 18. HP: 94/112 MP: 1/37
 32016 | Swamp:3  | Reached skill level 19 in Summonings
 32619 | Swamp:4  | Entered Level 4 of the Swamp
 33511 | Swamp:4  | Got a decaying rune of Zot
 34036 | Snake:1  | Entered Level 1 of the Snake Pit
 34255 | Snake:1  | Reached skill level 15 in Spellcasting
 34640 | Snake:1  | Reached XP level 19. HP: 117/117 MP: 39/39
 35403 | Snake:2  | Found the +4 Cigotuvi's embrace {Corpsefed rMiasma Drain
                  | rN+}
 35595 | Snake:2  | Reached skill level 20 in Summonings
 36341 | Snake:2  | Found a radiant altar of Vehumet.
 36343 | Snake:2  | Found a transporter.
 37098 | Snake:2  | Identified the +2 pair of gloves of Xuuteidgh {rElec rF-
                  | Regen+ SInv}
 37142 | Snake:2  | Found a transporter.
 38093 | Snake:4  | Entered Level 4 of the Snake Pit
 38768 | Snake:4  | Reached XP level 20. HP: 33/124 MP: 13/40
 39017 | Snake:4  | Reached skill level 15 in Polearms
 39205 | Snake:4  | Got a serpentine rune of Zot
 39381 | Snake:2  | Bought the ring "Devasm" {EV+5 Dex+7} for 1327 gold pieces
 39381 | Snake:2  | Bought the ring of Xiycsa {rElec rF++ Will+} for 1299 gold
                  | pieces
 39394 | Snake:2  | Bought a +6 bardiche of holy wrath for 723 gold pieces
 39764 | Elf:1    | Entered Level 1 of the Elven Halls
 39766 | Elf:1    | Paralysed by an air elemental for 1 turns
 39908 | Elf:1    | Reached skill level 21 in Summonings
 40573 | Elf:1    | Got Powaipno's Codex of Unified Blasts
 40690 | Elf:1    | Found Oqam's Weapon Boutique.
 41117 | Elf:1    | Lost mutation: You are agile. (Dex +4, Str/Int -1)
                  | [mutagenic glow]
 41325 | Elf:2    | Found a runed translucent gate.
 41326 | Elf:2    | Found a runed translucent gate.
 41326 | Elf:2    | Found a runed translucent gate.
 42626 | Elf:3    | Entered Level 3 of the Elven Halls
 42775 | Elf:3    | Identified the ring of Intercession {rPois rF+ Str+3 Int-3}
 42784 | Elf:3    | Identified the +8 morningstar "Feelisor" {holy, rC++ rN++
                  | Int-5}
 42804 | Abyss:2  | Cast into level 2 of the Abyss (a deep elf sorcerer)
 42880 | Abyss:2  | Found a corrupted altar of Lugonu.
 42958 | Abyss:2  | Found a corrupted altar of Lugonu.
 43101 | Abyss:2  | Noticed a bone dragon
 43112 | Abyss:2  | Killed a bone dragon
 43190 | Abyss:2  | Reached XP level 21. HP: 128/131 MP: 22/42
 43325 | Abyss:2  | Noticed a bone dragon
 43327 | Abyss:2  | Noticed an ancient lich
 43357 | Abyss:2  | Killed a bone dragon
 43359 | Abyss:2  | Killed from afar by an ancient lich

Illustrated notes

Levels and vault maps discovered:
D:1:      lemuel_arrival_river_ford, layout_basic,
          shapermc_ecumenical_altar_acropolis, serial_shops,
          nicolae_shop_gibbet_a_chance, dk_noncrumbling_4, nrook_campfire,
          minmay_pentomino_u2
D:2:      layout_basic, uniq_jessica
D:3:      wander_river, layout_loops_cross, serial_glass, glass_columns_a,
          glass_columns_c, minmay_goblin_outpost
D:4:      layout_rooms, uniq_ijyb
D:5:      layout_basic, uniq_sigmund
D:6:      gammafunk_steamed_eel, layout_loops_ring, uniq_duvessa
D:7:      layout_loops_ring, minmay_temple_entry_trees,
          minmay_misc_feat_enclosed, minivault_10
D:8:      layout_basic, nemelex_diamond_rough_becter
D:9:      layout_irregular_city, david_lair_shrubbed, serial_shops,
          nicolae_shop_advertising_works [nicolae_subvault_shop_adworks],
          uniq_psyche
D:10:     layout_cave_pools, mainiacjoe_overflow_tiny_flanked
D:11:     minmay_the_grid_square_5x5_5x5_mashed
          [minmay_the_grid_square_5x5_two_small,
          minmay_the_grid_square_5x5_three_walls,
          minmay_the_grid_square_5x5_half_checkered,
          minmay_the_grid_square_5x5_z, minmay_the_grid_square_5x5_comb,
          minmay_the_grid_square_5x5_two_walls_a,
          minmay_the_grid_square_5x5_prize_junk,
          minmay_the_grid_square_5x5_one_wall,
          minmay_the_grid_square_5x5_prize_monsterx,
          minmay_the_grid_square_5x5_minivault,
          minmay_the_grid_square_5x5_almost_minimal,
          minmay_the_grid_square_5x5_beaten_path,
          minmay_the_grid_square_5x5_prize_snowflake,
          minmay_the_grid_square_5x5_intrusive_squares,
          minmay_the_grid_square_5x5_six_small,
          minmay_the_grid_square_5x5_shrine1,
          minmay_the_grid_square_5x5_prize_gold,
          minmay_the_grid_square_5x5_plus,
          minmay_the_grid_square_5x5_prize_rear_guard,
          minmay_the_grid_square_5x5_doubleslash,
          minmay_the_grid_square_5x5_dogpile,
          minmay_the_grid_square_5x5_checkered_statues,
          minmay_the_grid_square_5x5_six,
          minmay_the_grid_square_5x5_broken_cross,
          minmay_the_grid_square_5x5_slash], layout_long_grid,
          kennysheep_crisscross, chequers_serial_rivers_micro_a
D:12:     layout_rooms, serial_shops, shop, shop, shop_statue, abandoned_shop,
          minmay_misc_feat_rows, zin_purify, uniq_nergalle
D:13:     layout_basic, uniq_jorgrun
D:14:     minmay_box_of_statues, layout_rooms, ximxim_vaults_locker_room,
          minmay_misc_feat_room
D:15:     gammafunk_enter_depths_forms, layout_grid_maze,
          roderic_lattice_octagonal_star, uniq_azrael, uniq_nessos
Temple:   mainiacjoe_temple_big_plus
Lair:1:   dragon1_lemuel, layout_cave_pods, minivault_25, uniq_joseph
Lair:2:   kb_forest_paths, layout_regular_city, enter_volcano_4,
          serial_bayou_shore_b, serial_bayou_shore_a, uniq_gastronok
Lair:3:   layout_cave_pods, swamp_mist, guppyfry_snake_entry_garden,
          kilobyte_rumbling_trees
Lair:4:   layout_regular_city, portal_ice_cave_entry_pillars_1,
          grunt_megastairs_3
Lair:5:   evilmike_catoblepas_cave, layout_small_grid,
          nicolae_slime_entry_field_trip, basic_altar, lemuel_fruit_fields
Swamp:1:  layout_basic_swamp, nicolae_swamp_decorative_isthmus, swamp_pool3,
          nicolae_swamp_trees_clearing, uniq_josephine
Swamp:2:  nzn_winding_woodlands_medium [nzn_winding_woodlands_hourglass,
          nzn_winding_woodlands_5x15_pockets,
          nzn_winding_woodlands_5x5_closed_star,
          nzn_winding_woodlands_5x5_open_star,
          nzn_winding_woodlands_center_pierced_h,
          nzn_winding_woodlands_5x5_default, nzn_winding_woodlands_5x5_cross,
          nzn_winding_woodlands_5x15_lazy_stream,
          nzn_winding_woodlands_5x5_three], layout_falls_marsh,
          nicolae_swamp_some_circles
Swamp:3:  layout_basic_swamp, serial_swamp_ruin, evilmike_swamp_ruin_rubble_2,
          evilmike_swamp_ruin_rubble_1, evilmike_swamp_ruin_house_4
Swamp:4:  swamp_basic_johnstein, layout_basic_swamp, swamp_pool1
Snake:1:  layout_misc_corridors, grunt_megastairs_1
Snake:2:  gammafunk_sealed_library, layout_chambers
Snake:3:  layout_misc_corridors, grunt_ministairs_15,
          nicolae_snake_snakes_in_the_grass
Snake:4:  grunt_snake_rune_serpentine_throne, layout_rooms,
          fake_guardian_serpent_vault
Orc:1:    layout_caves
Orc:2:    st_orc_pillars, layout_caves, nooodl_orcs_dogs
Elf:1:    minmay_elf_arrival_circle, layout_loops_corners, serial_shops, shop,
          minmay_elf_sorcery
Elf:2:    nicolae_elf_blades_crystal_corner, layout_onion_city
Elf:3:    grunt_elf_hall_diamonds, layout_rooms, serial_shops, shop,
          nicolae_letterblocks [nicolae_letter_subblock,
          nicolae_letter_subblock, nicolae_letter_subblock,
          nicolae_letter_subblock, nicolae_letter_subblock,
          nicolae_letter_subblock, nicolae_letter_subblock,
          nicolae_letter_subblock, nicolae_letter_subblock,
          nicolae_letter_subblock, nicolae_letter_subblock,
          nicolae_letter_subblock, nicolae_letter_subblock,
          nicolae_letter_subblock, nicolae_letter_subblock,
          nicolae_letter_subblock, nicolae_letter_subblock,
          nicolae_letter_subblock, nicolae_letter_subblock,
          nicolae_letter_subblock, nicolae_letter_subblock,
          nicolae_letter_subblock, nicolae_letter_subblock,
          nicolae_letter_subblock, nicolae_letter_subblock], uniq_zenata
Abyss:2:  base: D:15, hangedman_decor_peaks_small, minivault_13

Skill      XL: |  1  2  3  4  5  6  7  8  9 10 11 12 13 14 15 16 17 18 19 20 |
---------------+-------------------------------------------------------------+-----
Summonings     | 5 6 7 8 9 11 12 13 14 15 16 17 18 19 20 21 | 21.7
Fighting       | 1 2 3 4 5 6 7 8 9 10 11 12 13 | 13.9
Dodging        | 3 4 5 6 7 8 9 10 11 12 13 14 | 14.2
Spellcasting   | 3 4 5 6 8 9 10 11 12 13 14 15 16 | 16.7
Polearms       | 1 2 3 4 6 8 10 11 12 13 14 15 | 15.6
Air Magic      | 1 4 5 6 |  6.0
Stealth        | 3 4 5 6 7 8 |  8.8
Armour         | 2 3 5 6 7 8 9 10 11 12 13 14 | 14.0
Translocations | 2 3 |  3.0

Action                     |  1- 3 |  4- 6 |  7- 9 | 10-12 | 13-15 | 16-18 | 19-21 || total
---------------------------+-------+-------+-------+-------+-------+-------+-------++-------
  Melee: Unarmed           |    65 |    49 |       |       |       |       |       ||   114
         Kick              |    19 |    16 |    22 |    51 |   206 |   271 |   193 ||   778
         Peck              |    10 |    10 |    25 |    29 |   112 |   171 |    90 ||   447
         Punch             |       |     2 |       |       |       |       |       ||     2
         Spear             |       |    42 |    16 |       |       |       |       ||    58
         Halberd           |       |       |   119 |   233 |   644 |   828 |   367 ||  2191
         Bardiche          |       |       |       |       |       |       |   309 ||   309
   Cast: Summon Small Mamm |    31 |    11 |    10 |     7 |       |       |       ||    59
         Call Imp          |     5 |    20 |    16 |    16 |     1 |       |       ||    58
         Call Canine Famil |     3 |    10 |    39 |    55 |    41 |     2 |     3 ||   153
         Summon Lightning  |       |       |     2 |    21 |    11 |     1 |     5 ||    40
         Summon Guardian G |       |       |     1 |    20 |     6 |       |     1 ||    28
         Summon Ice Beast  |       |       |       |       |    17 |     3 |     4 ||    24
         Summon Forest     |       |       |       |       |    19 |     7 |     4 ||    30
         Summon Mana Viper |       |       |       |       |    11 |     2 |     5 ||    18
         Animate Armour    |       |       |       |       |     4 |       |     1 ||     5
         Monstrous Menager |       |       |       |       |    11 |   107 |    89 ||   207
         Summon Hydra      |       |       |       |       |       |    15 |    17 ||    32
 Invoke: Call Merchant     |       |       |       |       |     3 |     3 |     2 ||     8
  Evoke: Wand              |       |       |       |       |       |     1 |       ||     1
    Use: Scroll            |       |       |     4 |     9 |    26 |     2 |     4 ||    45
         Potion            |       |       |     4 |     4 |     4 |       |     5 ||    17
   Stab: Distracted        |     2 |       |     5 |    10 |    21 |    31 |    35 ||   104
         Sleeping          |       |     4 |     2 |     1 |    11 |    19 |    28 ||    65
         Petrified         |       |       |       |       |       |     4 |       ||     4
 Armour: Robe              |    14 |    26 |    21 |     9 |       |       |       ||    70
         Ring mail         |       |       |       |    48 |   224 |   286 |   134 ||   692
         Leather armour    |       |       |       |       |       |       |    15 ||    15
  Dodge: Dodged            |    64 |    63 |   140 |   254 |   622 |   691 |   694 ||  2528

Table legend: (Time is in decaauts)
 A = Elapsed time spent in this place.
 B = Non-inter-level travel time spent in this place.
 C = Inter-level travel time spent in this place.
 D = Time resting spent in this place.
 E = Time spent auto-exploring this place.
 F = Levels seen in this place.
 G = Mean time per level.
                   A        B        C        D        E       F      G
               +--------+--------+--------+--------+--------+-----+--------+
         Total |  41023 |  38071 |   2952 |   1927 |  28079 |  37 | 1108.7 |
       Dungeon |  17203 |  15974 |   1229 |    556 |  12083 |  15 | 1146.9 |
        Temple |    428 |    368 |     60 |      0 |    359 |   1 |  428.0 |
          Lair |   6409 |   5805 |    604 |    235 |   4468 |   5 | 1281.8 |
         Swamp |   4320 |   4180 |    140 |    297 |   3104 |   4 | 1080.0 |
     Snake Pit |   4968 |   4634 |    334 |    330 |   3335 |   4 | 1242.0 |
  Orcish Mines |   3158 |   2679 |    479 |    467 |   1531 |   2 | 1579.0 |
   Elven Halls |   2883 |   2780 |    103 |      0 |   2101 |   3 |  961.0 |
         Abyss |    545 |    545 |      0 |      0 |    404 |   1 |  545.0 |
      Ice Cave |    789 |    789 |      0 |      0 |    558 |   1 |  789.0 |
       Volcano |    317 |    317 |      0 |     39 |    131 |   1 |  317.0 |
               +--------+--------+--------+--------+--------+-----+--------+

Top non-repeatable levels by time:
    D:11: 2508 daAuts
   Orc:2: 2312 daAuts
 Snake:2: 2105 daAuts
  Lair:5: 1740 daAuts
 Swamp:2: 1626 daAuts
   Elf:1: 1449 daAuts
  Lair:3: 1429 daAuts
    D:15: 1307 daAuts
   Elf:2: 1261 daAuts
  Lair:1: 1238 daAuts
 Swamp:4: 1216 daAuts
     D:7: 1209 daAuts
    D:14: 1205 daAuts
  Lair:2: 1197 daAuts
    D:10: 1197 daAuts
